 Dungeon Crawl Stone Soup version 0.31-a0-640-g39d97e502b (webtiles) character file.

Game seed: 17751296027697399678

66 qw the Shooter (level 4, -1/28 HPs)
             Began as a Gargoyle Hunter on Aug 27, 2023.
             Slain by an orc wizard
             ... wielding a +0 dagger
              (4 damage)
             ... on level 2 of the Dungeon.
             The game lasted 00:00:32 (1399 turns).

qw the Shooter (Gargoyle Hunter)                    Turns: 1399, Time: 00:00:33

Health: -1/28      AC:  7    Str: 15    XL:     4   Next: 15%
Magic:  4/4        EV: 11    Int:  9    God:
Gold:   121        SH:  0    Dex: 15    Spells: 3/3 levels left

rFire   . . .        Y - +2 shortbow
rCold   + + .        (shield currently unavailable)
rNeg    + . .        c - +0 leather armour
rPois   inf          (no helmet)
rElec   +            (no cloak)
rCorr   .            (no gloves)
SInv    .            a - +0 pair of boots of the Ageing Gods {Drain rElec rC++ Stlth+}
Will    .....        (no amulet)
Stlth   +++          (no ring)
HPRegen 0.24/turn    (no ring)
MPRegen 0.09/turn

%: no passive effects
@: no status effects
A: sickness immunity, AC +3, negative energy resistance 1, electricity
resistance, torment resistance 1, petrification resistance
a: no special abilities


You were on level 2 of the Dungeon.
You visited 1 branch of the dungeon, and saw 3 of its levels.

You collected 121 gold pieces.


Innate Abilities, Weirdness & Mutations

You are immune to sickness and miasma.
Your stone body is resilient. (AC +3)
You are immune to poison.
You resist negative energy. (rN+)
You are resistant to electric shocks. (rElec)
You are resistant to unholy torment.
You are immune to petrification.


   Skills:
 - Level 3.2 Fighting
 + Level 5.1 Ranged Weapons
 - Level 1.5 Dodging
 - Level 1.1 Stealth


You had 3 spell levels left.
You didn't know any spells.
Your spell library was empty.

Inventory:

Hand Weapons
 Y - a +2 shortbow (weapon)
Armour
 a - the +0 pair of boots of the Ageing Gods (worn) {Drain rElec rC++ Stlth+}
   (You acquired it on level 1 of the Dungeon)

   rC++:      It greatly protects you from cold.
   rElec:     It insulates you from electricity.
   Drain:     It drains your maximum health when unequipped.
   Stlth+:    It makes you more stealthy.
 c - a +0 leather armour (worn)
Scrolls
 f - a scroll of identify
Potions
 d - a potion of enlightenment
 i - a potion of heal wounds {unknown}
 j - a potion of curing {unknown}

Dungeon Overview and Level Annotations

Branches:
Dungeon (3/15)

Altars:


Message History

You are more confused.
Something hits you but does no damage. x2
Something hits you but does no damage. x2
You hear some strange, mumbled words.
A magic dart appears from out of thin air!
The magic dart hits you. Something completely misses you.
Something hits you but does no damage. Something hits you.
Something hits you but does no damage. x2
Something hits you. x2
You feel less confused.
Something hits you but does no damage. x2
1391 ||| FLEEEEING.
You see here a +0 club.
1392 ||| STILL FLEEEEING.
There is a stone staircase leading up here.
1393 ||| STAIRDANCE Something completely misses you.
You climb upwards.
Reactivating autopickup.
There is a stone staircase leading down here.
You start resting.
Something hits you but does no damage.
Deactivating autopickup; reactivate with Ctrl-A.
Autopickup is now on.
You start resting.
You hear some strange, mumbled words.
A magic dart appears from out of thin air!
Deactivating autopickup; reactivate with Ctrl-A.
The magic dart hits you.
You shoot an arrow.
An orc wizard appears from thin air!
Reactivating autopickup.
The orc wizard hits you with a +0 dagger.
You shoot an arrow.
The arrow hits the orc wizard but does no damage.
The orc wizard points at you and mumbles some strange words.
You resist with some effort.
You shoot an arrow. The arrow misses the orc wizard.
The orc wizard hits you with a +0 dagger.
You die...

#.##.........# #.#
#.##.........# #.#
#.##.........# #.#
#.##.........###########.#
...'.........'...........#
#.##.........#############
#.############
#.##########################
................@..........#
#.##############o#########.#
#.#############..# #.#
#.#############.## #.#
###############.## #.#
........:..####.## #.#
##########!####..# #.#
#######.####..# #.#
#######.##....# #.#


You could see an orc wizard.

Vanquished Creatures
  An adder (D:2)
  4 dart slugs
  3 orcs (D:3)
  2 endoplasms (D:1)
  7 giant cockroaches
  6 hobgoblins
  A quokka (D:1)
  A ball python (D:2)
  3 bats
  7 goblins
  4 kobolds
  3 rats
42 creatures vanquished.

Notes
Turn   | Place    | Note
-------+----------+-------------------------------------------
     0 | D:1      | qw the Gargoyle Hunter began the quest for the Orb.
     0 | D:1      | Reached XP level 1. HP: 12/12 MP: 1/1
     0 | D:1      | 0 ||| qw: Version: 0.3-a-74-g0d5e918
     0 | D:1      | 0 ||| qw: Game counter: 29
     0 | D:1      | 0 ||| qw: Melee chars always use a shield: true
     0 | D:1      | 0 ||| qw: God list: Okawaru
     0 | D:1      | 0 ||| qw: Allow faded altars: false
     0 | D:1      | 0 ||| qw: Do Orc after clearing Dungeon:15 true
     0 | D:1      | 0 ||| qw: Do second Lair branch before Depths: true
     0 | D:1      | 0 ||| qw: Lair rune preference: random
     0 | D:1      | 0 ||| qw: Goals: Normal
     0 | D:1      | 0 ||| PLANNING D:1-11
   127 | D:1      | Reached XP level 2. HP: 17/17 MP: 2/2
   145 | D:1      | Found a faded altar of an unknown god.
   328 | D:1      | Reached XP level 3. HP: 21/21 MP: 3/3
   470 | D:1      | 470 ||| READING 2 scrolls labelled LOD TOR ELA.
   471 | D:1      | 471 ||| READING scroll of enchant weapon.
   471 | D:1      | 471 ||| ENCHANTING +1 shortbow.
   472 | D:1      | 472 ||| READING scroll labelled QEAXUWNOTE.
   472 | D:1      | Identified a scroll of acquirement
   472 | D:1      | 472 ||| ACQUIRING +0 pair of boots of the Ageing Gods
                  | {Drain rElec rC++ Stlth+}
   472 | D:1      | Acquired the +0 pair of boots of the Ageing Gods {Drain
                  | rElec rC++ Stlth+}
   474 | D:1      | 474 ||| UPGRADING to +0 pair of boots of the Ageing Gods
                  | {Drain rElec rC++ Stlth+}.
   479 | D:1      | 479 ||| READING scroll labelled HELUCE QUFE.
   495 | D:1      | 495 ||| DROPPING scroll of butterflies.
   496 | D:1      | 496 ||| DROPPING scroll of immolation.
   535 | D:2      | Reached skill level 5 in Ranged Weapons
  1138 | D:2      | Reached skill level 3 in Fighting
  1138 | D:2      | Reached XP level 4. HP: 28/28 MP: 4/4
  1322 | D:2      | 1322 ||| READING scroll labelled QUIC BAUGAE.
  1323 | D:2      | 1323 ||| READING scroll labelled HEIZYM HA BETOC.
  1328 | D:2      | 1328 ||| READING 3 scrolls labelled DOAJANG VUQIJ.
  1329 | D:2      | 1329 ||| READING scroll labelled FEJUSKOENA.
  1330 | D:2      | 1330 ||| DRINKING 2 smoky emerald potions.
  1331 | D:2      | 1331 ||| READING 2 scrolls of identify.
  1331 | D:2      | 1331 ||| IDENTIFYING fizzy purple potion
  1332 | D:2      | 1332 ||| DROPPING potion of attraction.
  1391 | D:3      | 1391 ||| FLEEEEING.
  1393 | D:3      | 1393 ||| STAIRDANCE
  1396 | D:2      | HP: 6/28 [something/magic dart (6)]
  1399 | D:2      | Slain by an orc wizard

Levels and vault maps discovered:
D:1:      co_arrival_square_in_a_square_in_a_square, layout_rooms,
          hellmonk_ecumenical_altar_blasted
D:2:      layout_basic, minmay_goblin_kobold_house
D:3:      layout_loops_ring, nicolae_ru_path_of_blood, nicolae_vehumet_radiance,
          mainiacjoe_overflow_cross_hatched, chequers_arboretum

Skill      XL: |  1  2  3 |
---------------+----------+-----
Ranged Weapons | 5 |  5.1
Fighting       | 3 |  3.2
Dodging        | |  1.5
Stealth        | |  1.1

Action                     |  1- 3 |  4- 6 || total
---------------------------+-------+-------++-------
   Fire: Shortbow          |    77 |    19 ||    96
    Use: Scroll            |     4 |     5 ||     9
         Potion            |       |     1 ||     1
 Armour: Leather armour    |     1 |    28 ||    29
  Dodge: Dodged            |     4 |    13 ||    17

Table legend:
 A = Non-vault XP
 B = Vault XP
 C = Vault XP percentage of total XP
 D = Non-vault monster count
 E = Vault monster count
 F = Vault count percentage of total count
                 A         B        C        D         E       F
            +---------+---------+-------+---------+---------+-------
      Total |      83 |      12 |  12.6 |      36 |       6 |  14.3
            +---------+---------+-------+---------+---------+-------
        D:1 |      36 |       0 |   0.0 |      18 |       0 |   0.0
        D:2 |      37 |      12 |  24.5 |      14 |       6 |  30.0
        D:3 |      10 |       0 |   0.0 |       4 |       0 |   0.0
            +---------+---------+-------+---------+---------+-------
